Cogmind - Beta 14 @@@ ROGUE MODE // 2025.03.30 @ 16:31:26 Player: Chair Result: Destroyed by P-80 Master with Gamma Rifle Performance ------------- Evolutions (8) 4000 Regions Visited (7) 1400 Robots Destroyed (102) 510 Value Destroyed (4233) 4233 Prototype IDs (12) 240 Alien Tech Used (0) 0 Bonus (153) 153 TOTAL SCORE: 10536 Bonus ------- High Alert Combat Kills 442 Friendly Fire -289 Cogmind --------- Core Integrity 0/1450 Matter 290/300 Energy 26/100 System Corruption 13% Temperature Cool (0) Movement Core (50) Location -2/Research Parts ------- > --- POWER (3) -------- (None) > --- PROPULSION (6) --- (None) > --- UTILITY (9) ------ Advanced Phase Shifter > --- WEAPON (5) ------- (None) > --- INVENTORY (5) ---- Light Quantum Reactor Advanced Corruption Screen High-powered Tractor Beam Advanced Remote Datajack Katana Peak State ------------ > --- POWER ------------ Micro Antimatter Reactor Quantum-Fission Reactor > --- PROPULSION ------- Armored Medium Treads Biometal-Antigrav Exoskeleton > --- UTILITY ---------- Scrap Engine Large Storage Unit Makeshift Salvage Targeting Computer Improved Target Analyzer Advanced Reaction Control System Improved Focal Shield Advanced Corruption Screen > --- WEAPON ----------- Enhanced Nova Cannon Enhanced Nova Cannon Kinetic Penetrator Construct/G > --- INVENTORY -------- Micro Fission Core Particle Reactor Advanced Target Analyzer Advanced Reaction Control System Advanced Corruption Screen High-powered Tractor Beam Heavy Shock Bomb Launcher Grenade Launcher Advanced Remote Datajack Katana [Rating: 122] Favorites ----------- Power Constructs Engine Ion Engine Power Core Micro Fission Core Reactor Constructs Propulsion Constructs Treads Improved Treads Leg Constructs Wheel Compact Wheel Utility Large Storage Unit Device Armored Scrap Engine Storage Large Storage Unit Processor Makeshift Salvage Targeting Computer Protection Medium Armor Plating Weapon Constructs Energy Gun Constructs Energy Cannon Enhanced Nova Cannon Ballistic Gun Constructs Ballistic Cannon Constructs Launcher Grenade Launcher Impact Weapon Mace Build | -11 -10 -10 -7 -5 -4 -3 -2 ------- Run | Yrd Mat Sub Rec Fac Fac Res Res Slots Evolved 16 | . . . . 10 2 2 2 Power 2 | . . . . 1 . . 1 Propulsion 4 | . . . . 3 . 1 . Utility 7 | . . . . 3 2 1 1 Weapon 3 | . . . . 3 . . . Parts Attached 78 | 6 13 9 8 16 2 10 14 Power 16 | 1 1 1 3 4 . 3 3 Engine 7 | 1 1 1 3 1 . . . Core 6 | . . . . 3 . 2 1 Reactor 3 | . . . . . . 1 2 Propulsion 8 | 2 2 1 . 2 . 1 . Treads 4 | . 2 1 . . . 1 . Leg 2 | 2 . . . . . . . Wheel 2 | . . . . 2 . . . Hover . | . . . . . . . . Flight . | . . . . . . . . Utility 36 | 1 4 3 3 10 2 4 9 Device 20 | . 1 . 1 5 2 3 8 Storage 6 | 1 2 . . 3 . . . Processor 4 | . 1 . . 1 . 1 1 Hackware . | . . . . . . . . Protection 6 | . . 3 2 1 . . . Artifact . | . . . . . . . . Weapon 18 | 2 6 4 2 . . 2 2 Energy Gun 4 | 1 1 1 . . . 1 . Energy Cannon 2 | . . . . . . . 2 Ballistic Gun 10 | 1 4 2 2 . . 1 . Ballistic Cannon . | . . . . . . . . Launcher 1 | . . 1 . . . . . Special Weapon . | . . . . . . . . Impact Weapon 1 | . 1 . . . . . . Slashing Weapon . | . . . . . . . . Piercing Weapon . | . . . . . . . . Special Melee Weapon . | . . . . . . . . Unidentified Prototypes 1 | . . . 1 . . . . Parts Lost 44 | . . 4 . 9 1 15 15 Power 6 | . . 1 . 1 . 2 2 Propulsion 10 | . . 1 . 5 . . 4 Utility 15 | . . 1 . 2 . 6 6 Weapon 13 | . . 1 . 1 1 7 3 Highest Loss Streak 8 | . . 3 . 3 1 6 8 To Critical Strikes . | . . . . . . . . Average Slot Usage (%) 68 | . 99 92 74 50 71 65 45 Engine 6 | . 14 7 13 1 . . . Core 2 | . . . . 4 10 6 4 Treads 10 | . 17 28 19 . . 3 2 Leg 2 | . 10 . . 2 3 . . Wheel 1 | . . . . 3 . . . Device 9 | . 10 1 8 10 21 14 8 Storage 6 | . 14 14 5 4 5 4 3 Processor 3 | . 2 . . 3 5 9 9 Protection 2 | . . 12 5 . . . . Energy Gun 4 | . 9 2 5 . 2 7 1 Energy Cannon 1 | . . . . . . 2 6 Ballistic Gun 10 | . 17 24 14 4 8 3 1 Ballistic Cannon 3 | . . . . 7 12 4 . Peak Build Rating 122 | 6 13 15 34 85 97 110 122 Average Rating 45 | 5 9 13 24 56 94 98 87 On Entrance 39 | . 6 13 15 34 85 97 64 Naked Turns 46 | . . . . . . . 46 Heaviest Build 77 | 12 32 38 40 51 58 71 77 Greatest Support 67 | 20 46 46 46 67 67 67 67 Greatest Overweight (x) 8 | . . . . 4 . 1 8 Average Overweight (x) . | . . . . . . . . Largest Inventory Capacity 15 | 8 15 15 15 15 15 15 15 Average Capacity 12 | 7 12 15 9 14 15 15 14 Most Carried 15 | 6 15 15 15 15 14 12 11 Average Carried 9 | 4 10 14 8 10 9 10 9 Final Capacity 15 | 8 15 15 5 15 15 15 5 Final Carried 15 | 6 15 14 5 15 9 9 5 Scrap Engine Consumption 137 | . . . 25 53 6 30 23 Constructs Created 13 | . . . 3 5 1 3 1 Constructs Modified 42 | . . . 2 20 2 9 9 Class Distribution -------------------- 40% | Mutant 38% | Construct 9% | Scavenger-Construct 7% | Gunner Dominant Class ---------------- Mutant | -10/Materials Mutant | -10/Subcaves Construct | -7/Recycling Construct | -5/Factory Construct | -4/Factory Scavenger-Construct | -3/Research Gunner | -2/Research Resources | -11 -10 -10 -7 -5 -4 -3 -2 ----------- Run | Yrd Mat Sub Rec Fac Fac Res Res Matter Collected 3188 | 281 273 213 339 1418 85 482 97 Remotely . | . . . . . . . . Salvage Created 5783 | 195 403 215 512 2087 275 1501 595 Parts 278 | 23 32 13 24 91 12 54 29 Haulers Intercepted 5 | . 2 . . 1 1 . 1 Recyclers Shooed 9 | . . . 1 3 . 4 1 Parts Field Recycled . | . . . . . . . . Retrieved Matter . | . . . . . . . . Parts Self-Destructed 3 | . . 3 . . . . . Prevented . | . . . . . . . . Kills | -11 -10 -10 -7 -5 -4 -3 -2 ------- Run | Yrd Mat Sub Rec Fac Fac Res Res Combat Hostiles Destroyed 61 | . 8 7 2 20 2 16 6 Guns 28 | . 8 4 2 5 1 8 . Cannons 24 | . . . . 13 1 7 3 AOE 6 | . . 3 . 2 . . 1 Classes Destroyed 19 | 3 4 2 3 6 1 . . Worker 6 | 2 1 . . 1 . 1 1 Builder 2 | . . . 1 . . . 1 Tunneler 11 | 7 1 . . 3 . . . Hauler 5 | . 2 . . 1 1 . 1 Recycler 11 | 1 . . 3 5 . 2 . Mechanic 1 | . . . . 1 . . . Drone 1 | . . . . . 1 . . Turret 2 | . . 2 . . . . . Watcher 2 | . 2 . . . . . . Swarmer 7 | . 4 3 . . . . . Grunt 16 | . 4 . . 3 2 6 1 Brawler 1 | . . . . 1 . . . Sentry 1 | . . . . 1 . . . Specialist 2 | . . . . 2 . . . Hunter 12 | . . . . 5 . 4 3 Programmer 16 | . . . . 8 . 6 2 Subdweller 4 | . . 4 . . . . . Scientist 2 | . . . 2 . . . . Scrapper 3 | . . . 3 . . . . Best Kill Streak 7 | 5 5 3 2 3 2 7 4 Combat Bots Only 7 | . 4 3 2 2 2 7 2 Max Kills in Single Turn 3 | 1 2 2 1 2 1 1 3 Gunslinging 1 | . 1 . . . . . . Exploded 2 | . . 2 . 1 . . 1 Melee . | . . . . . . . . Uniques/NPCs Destroyed . | . . . . . . . . Combat | -11 -10 -10 -7 -5 -4 -3 -2 -------- Run | Yrd Mat Sub Rec Fac Fac Res Res Hostile Shots Fired 836 | . 43 149 7 175 46 152 264 Missed 286 | . 19 55 . 48 17 42 105 Damage Taken 11177 | . 228 1102 219 2949 659 2272 3748 Core 2345 | . 55 143 40 323 98 224 1462 Absorbed by Shields . | . . . . . . . . Ignored by Resistances 270 | . . . . . 163 36 71 Regen/Repaired (Parts) 1539 | . . . 10 480 174 347 528 Core Remaining (%) 68 | 100 . . 4 67 91 82 . Volleys Fired 341 | 21 53 40 23 96 22 64 22 Largest 5 | 2 2 2 2 4 5 5 2 Hottest 240 | 60 70 85 85 205 193 178 240 Shots Fired 742 | 40 105 78 44 219 47 174 35 Gun 472 | 40 105 76 44 80 25 102 . Cannon 268 | . . . . 139 22 72 35 Launcher 2 | . . 2 . . . . . Special . | . . . . . . . . Kinetic 418 | 21 65 63 30 174 22 43 . Thermal 238 | 19 40 13 14 12 13 94 33 Explosive 2 | . . 2 . . . . . Electromagnetic 84 | . . . . 33 12 37 2 Robot Hit Streak 17 | 6 9 17 7 11 10 15 9 Robot Miss Streak 5 | 3 4 3 3 4 5 4 2 Penetration Max 1 | . . . . 1 1 . . Secondary Targets 4 | . 2 1 1 . . . . Max Gunslinging Chain 1 | . 1 1 1 . . . . Shots Hit Robots 498 | 25 64 65 28 139 21 129 27 Core Hits 245 | 13 26 15 14 76 12 80 9 Critical Kills 4 | 1 . . 1 . . 1 1 Critical Parts Destroyed 6 | . . . 2 . . 4 . Critical Strikes 15 | 1 4 . 3 . . 6 1 Burn 4 | . 4 . . . . . . Meltdown 1 | . . . . . . . 1 Destroy 9 | 1 . . 3 . . 5 . Corrupt 1 | . . . . . . 1 . Melee Attacks 8 | . 8 . . . . . . Impact 8 | . 8 . . . . . . Slashing . | . . . . . . . . Piercing . | . . . . . . . . Sneak Attacks . | . . . . . . . . Combat Hostiles . | . . . . . . . . Follow-up Attacks . | . . . . . . . . Damage Inflicted 12742 | 235 837 961 485 4684 689 3309 1542 Guns 5553 | 235 829 759 475 897 273 2085 . Cannons 5500 | . . . . 2799 274 1223 1204 Explosions 1670 | . . 202 . 988 142 . 338 Melee . | . . . . . . . . Ramming 19 | . 8 . 10 . . 1 . Kinetic 5668 | 116 484 573 252 3221 326 696 . Thermal 5679 | 119 345 186 223 1267 180 1869 1490 Explosive 247 | . . 202 . . 45 . . Electromagnetic 1129 | . . . . 196 138 743 52 Impact . | . . . . . . . . Slashing . | . . . . . . . . Piercing . | . . . . . . . . Highest Corruption 13 | . . . 1 8 1 6 13 Average Corruption 2 | . . . 1 3 1 3 7 Corruption Purged 5 | . . . . . . 5 . Corruption Blocked 8 | . . . . . . . 8 Effects 55 | . . . 16 26 3 9 1 Message Errors 13 | . . . 6 6 . 1 . Matter Fused 14 | . . . 5 5 2 2 . Heat Flow Errors 6 | . . . 2 2 . 1 1 Energy Discharges 8 | . . . 1 2 1 4 . Parts Rejected 2 | . . . . 2 . . . Parts Fused 1 | . . . . 1 . . . Data Loss (minor) 6 | . . . 1 5 . . . Data Loss (major) 4 | . . . 1 2 . 1 . Alerts 1 | . . . . 1 . . . Overload Shots . | . . . . . . . . Overflow Damage 314 | . . . . 221 31 44 18 Projectiles 143 | . . . . 81 . 44 18 Explosions 171 | . . . . 140 31 . . Melee . | . . . . . . . . Knockbacks 40 | . . . . 32 . 8 . Impact . | . . . . . . . . Kinetic 37 | . . . . 30 . 7 . Secondary 3 | . . . . 2 . 1 . Self-Inflicted Damage 496 | . . . . 181 215 . 100 Shots 6 | . . . . 2 3 . 1 Rammed 4 | . 1 . 1 . . 2 . Targets Rammed 6 | . 2 . 1 1 . 2 . Kicked 2 | . 1 . . 1 . . . Crushed . | . . . . . . . . Highest Temperature 405 | 40 132 38 281 340 174 224 405 Average Temperature 92 | 21 27 10 118 124 74 58 166 Received Heat Transfer 1096 | . 45 300 84 225 169 144 129 Effects 5 | . . . . 4 . . 1 Shutdowns 1 | . . . . . . . 1 Energy Bleed 1 | . . . . 1 . . . Interference 3 | . . . . 3 . . . Siege Activations . | . . . . . . . . Robots Corrupted 2 | . . . . . 1 1 . Combat Hostiles 1 | . . . . . . 1 . Parts Fried 10 | . . . . . 2 8 . Impact Corruptions . | . . . . . . . . Robots Melted 2 | . . . . . . . 2 Combat Hostiles 2 | . . . . . . . 2 Parts Melted 11 | . 2 1 1 . . 2 5 Heat Transferred 6430 | 275 1283 225 215 785 211 2224 1212 Parts Sabotaged . | . . . . . . . . Parts Stolen . | . . . . . . . . Parts Stripped . | . . . . . . . . Power Chain Reactions 1 | . . . . . . . 1 Alert | -11 -10 -10 -7 -5 -4 -3 -2 ------- Run | Yrd Mat Sub Rec Fac Fac Res Res Peak Influence 785 | 50 333 . 169 785 603 515 451 Initial 402 | . 32 . 108 402 384 316 283 Average 214 | 18 185 . 45 301 458 374 311 Maximum Alert Level 3 | . 1 . . 3 2 2 2 Low Security (%) 44 | 100 62 . 100 8 . . . Level 1 40 | . 37 . . 60 24 66 95 Level 2 14 | . . . . 29 75 33 4 Level 3 . | . . . . . . . . Level 4 . | . . . . . . . . Level 5 . | . . . . . . . . High Security . | . . . . . . . . Max Security . | . . . . . . . . Squads Dispatched 22 | . 1 . . 12 2 4 3 Investigation 4 | . . . . 2 1 1 . Extermination 5 | . . . . 3 . 1 1 Reinforcement 10 | . 1 . . 5 1 1 2 Assault 2 | . . . . 1 . 1 . Garrison 1 | . . . . 1 . . . Intercept . | . . . . . . . . Searches Triggered 1 | . . . . 1 . . . Construction Impeded . | . . . . . . . . Haulers Reinforced 2 | . . . . 1 1 . . Active Scanning Responses . | . . . . . . . . Cargo Convoy Interrupts . | . . . . . . . . Stealth | -11 -10 -10 -7 -5 -4 -3 -2 --------- Run | Yrd Mat Sub Rec Fac Fac Res Res Distress Signals 9 | . 2 . . 4 . . 3 Communications Jammed . | . . . . . . . . Distress Signals . | . . . . . . . . Times Spotted 124 | . 22 10 2 30 9 22 29 Peak Tracking Total 11 | . 5 5 4 5 8 3 11 Tactical Retreats 15 | . 6 2 . . . 3 4 Traps | -11 -10 -10 -7 -5 -4 -3 -2 ------- Run | Yrd Mat Sub Rec Fac Fac Res Res Traps Triggered 6 | . . . . 4 . . 2 Indirectly . | . . . . . . . . Trap Hack Attempts . | . . . . . . . . Triggered . | . . . . . . . . Disarmed . | . . . . . . . . Reprogrammed 3 | . 3 . . . . . . Reused 3 | . 3 . . . . . . Traps Extracted . | . . . . . . . . Installed . | . . . . . . . . Triggered 3 | . 3 . . . . . . Machines | -11 -10 -10 -7 -5 -4 -3 -2 ---------- Run | Yrd Mat Sub Rec Fac Fac Res Res Machines Disabled 22 | . 1 2 1 14 4 . . Max in Single Turn 9 | . 1 1 1 9 3 . . Garrison Access 1 | . . . . 1 . . . Machines Repaired . | . . . . . . . . Machines Dismantled . | . . . . . . . . Machines Sabotaged . | . . . . . . . . Overloaded Fab Kills . | . . . . . . . . Hacking | -11 -10 -10 -7 -5 -4 -3 -2 --------- Run | Yrd Mat Sub Rec Fac Fac Res Res Machines Accessed 27 | . 7 . 9 4 2 2 3 Terminals 18 | . 7 . 5 3 1 1 1 Fabricators 2 | . . . . . 1 . 1 Repair Stations 1 | . . . . 1 . . . Recycling Units 4 | . . . 3 . . . 1 Scanalyzers . | . . . . . . . . Garrison Access 1 | . . . . . . 1 . Total Hacks 64 | . 21 . 20 11 4 3 5 Successful 26 | . 11 . 9 4 . . 2 Failed 38 | . 10 . 11 7 4 3 3 Catastrophic 15 | . 5 . 3 1 2 2 2 Database Lockouts . | . . . . . . . . Manual 31 | . 11 . 11 4 2 3 . Terminals 50 | . 21 . 15 7 3 2 2 Fabricators 3 | . . . . . 1 . 2 Repair Stations 4 | . . . . 4 . . . Recycling Units 4 | . . . 3 . . . 1 Scanalyzers . | . . . . . . . . Garrison Access 1 | . . . . . . 1 . Terminal Hacks 15 | . 9 . 4 1 . . 1 Record 1 | . . . . . . . 1 Part Schematic 1 | . . . . 1 . . . Robot Analysis 1 | . 1 . . . . . . Prototype ID Bank 2 | . 2 . . . . . . Branch Access Points 2 | . 1 . 1 . . . . Locate Traps 3 | . 3 . . . . . . Reprogram Traps 1 | . 1 . . . . . . Registered Components 1 | . 1 . . . . . . Zone Layout 1 | . . . 1 . . . . Release Object 2 | . . . 2 . . . . Fabricator Hacks 1 | . . . . . . . 1 Build 1 | . . . . . . . 1 Repair Station Hacks 3 | . . . . 3 . . . Scan Component 1 | . . . . 1 . . . Repair 1 | . . . . 1 . . . Refit 1 | . . . . 1 . . . Recycling Unit Hacks . | . . . . . . . . Scanalyzer . | . . . . . . . . Garrison Access Hacks . | . . . . . . . . Unauthorized Hacks 7 | . 2 . 5 . . . . Terminals 4 | . 2 . 2 . . . . Botnet 4 | . 2 . 2 . . . . Fabricators . | . . . . . . . . Repair Stations . | . . . . . . . . Recycling Units 3 | . . . 3 . . . . Tunnel 3 | . . . 3 . . . . Scanalyzers . | . . . . . . . . Garrison Access . | . . . . . . . . Data Cores Recovered . | . . . . . . . . Used . | . . . . . . . . Hacking Detections 22 | . 7 . 5 4 2 2 2 Full Trace Events 7 | . . . 5 . 1 1 . Feedback Events 2 | . . . 1 . 1 . . Corruption 2 | . . . 1 . 1 . . Feedback Blocked . | . . . . . . . . Robot Schematics Acquired . | . . . . . . . . Robots Built 2 | . . . . . . . 2 Authchips . | . . . . . . . . Time 222 | . . . . . . . 222 Total Robot Build Rating 18 | . . . . . . . 18 Part Schematics Acquired 1 | . . . . 1 . . . Parts Built . | . . . . . . . . Authchips . | . . . . . . . . Time . | . . . . . . . . Total Part Build Rating . | . . . . . . . . Parts Repaired 1 | . . . . 1 . . . Time 26 | . . . . 26 . . . Parts Recycled . | . . . . . . . . Recycled Matter . | . . . . . . . . Retrieved Matter . | . . . . . . . . Retrieved Components . | . . . . . . . . Parts Scanalyzed . | . . . . . . . . Part Schematics Acquired . | . . . . . . . . Parts Damaged . | . . . . . . . . Bothacking | -11 -10 -10 -7 -5 -4 -3 -2 ------------ Run | Yrd Mat Sub Rec Fac Fac Res Res Used RIF Installer . | . . . . . . . . Robots Hacked . | . . . . . . . . Non-combat . | . . . . . . . . Combat . | . . . . . . . . Robot Hacks Applied . | . . . . . . . . Relay Couplers Released 1 | . . . . 1 . . . Machine Destruction 1 | . . . . 1 . . . Fabnet Peak Effective % . | . . . . . . . . Robots Rewired . | . . . . . . . . Allies Hacked . | . . . . . . . . Hacks Repelled . | . . . . . . . . Allies | -11 -10 -10 -7 -5 -4 -3 -2 -------- Run | Yrd Mat Sub Rec Fac Fac Res Res Total Allies 2 | . . . . . . . 2 Largest Group 2 | . . . . . . . 2 Highest-Rated Group 178 | . . . . . . . 178 Highest-Rated Ally 89 | . . . . . . . 89 Total Orders 1 | . . . . . 1 . . EXPLORE 1 | . . . . . 1 . . Ally Attacks . | . . . . . . . . Total Damage . | . . . . . . . . Kills . | . . . . . . . . Allies Corrupted 2 | . . . . . . . 2 Allies Melted . | . . . . . . . . Intel | -11 -10 -10 -7 -5 -4 -3 -2 ------- Run | Yrd Mat Sub Rec Fac Fac Res Res Robot Analysis Total 1 | . 1 . . . . . . Derelict Logs Recovered . | . . . . . . . . Drone Launches 2 | . . . . . 2 . . Drone Recoveries . | . . . . . . . . Exploration | -11 -10 -10 -7 -5 -4 -3 -2 ------------- Run | Yrd Mat Sub Rec Fac Fac Res Res Turns Passed 7158 | 241 1118 380 1892 1913 171 788 655 Spaces Moved 3876 | 142 615 155 980 947 161 381 495 Core 103 | 7 . . . . . . 96 Treads 1517 | . 353 155 973 36 . . . Legs 918 | 135 262 . 7 260 106 52 96 Wheels 711 | . . . . 619 . 31 61 Hover 627 | . . . . 32 55 298 242 Flight . | . . . . . . . . Fastest Speed 50 | 50 120 160 120 64 64 69 50 Average Speed 129 | 116 142 160 138 144 65 94 107 Slowest Speed 450 | 120 160 160 160 322 69 258 450 Overloaded Moves . | . . . . . . . . Propulsion Burnouts . | . . . . . . . . Robots Hopped . | . . . . . . . . Cave-ins Triggered . | . . . . . . . . Exploration Rate (%) 32 | 6 97 12 92 20 5 10 17 Regions Visited 7 Branch Regions 2 Pre-discovered Areas 3 | . . . 3 . . . . Known Exits Taken . | . . . . . . . . Unknown Exits Taken 7 | 1 1 1 1 1 1 1 . Scrap Searched . | . . . . . . . . Spaces Dug 8 | . . . . 1 7 . . Terrain Destroyed 201 | . . 7 . 100 79 4 11 Melee . | . . . . . . . . Projectile 49 | . . 1 . 21 16 4 7 AOE 152 | . . 6 . 79 63 . 4 Terrain Rammed . | . . . . . . . . Walls Destroyed . | . . . . . . . . Machines Disabled . | . . . . . . . . Actions | -11 -10 -10 -7 -5 -4 -3 -2 --------- Run | Yrd Mat Sub Rec Fac Fac Res Res Total 5411 | 178 752 218 1486 1327 196 677 577 Wait 952 | 4 18 11 448 215 6 211 39 Move 3869 | 141 614 154 979 946 160 380 495 Hop . | . . . . . . . . Pick Up 80 | 6 20 3 7 35 1 6 2 Fast Attach 37 | 6 5 1 5 7 . 2 11 Attach 27 | . 1 4 2 8 2 8 2 Detach 21 | . 5 . 4 6 . 3 3 Swap 14 | . 7 4 1 1 . . 1 Drop 56 | . 19 1 16 12 5 1 2 Fire 341 | 21 53 40 23 96 22 64 22 Melee 8 | . 8 . . . . . . Ram . | . . . . . . . . Kick 2 | . 1 . . 1 . . . Crush 4 | . 1 . 1 . . 2 . Escape Stasis . | . . . . . . . . Rewire . | . . . . . . . . Trap . | . . . . . . . . Miscellaneous . | . . . . . . . . Route ------- -11/Scrapyard -10/Materials (discovered 6 exits: [*Mat x3] / *Min x2 / [*Sub]) -10/Subcaves -7/Recycling -5/Factory -4/Factory -3/Research -2/Research History --------- Turn | Location | Event 8 | -11/Scrapyard | Discovered new exit (range 14) 242 | -11/Scrapyard | Entered Materials 301 | -10/Materials | Build established: Mutant 488 | -10/Materials | Identified exit to Mines 525 | -10/Materials | Discovered new exit (range 12) 699 | -10/Materials | Discovered new exit (range 14) 982 | -10/Materials | Discovered new exit (range 16) 1219 | -10/Materials | Discovered new exit (range 4) 1360 | -10/Materials | Entered Subcaves 1555 | -10/Subcaves | Core integrity fell below 50% 1589 | -10/Subcaves | Lost 3 parts (1n1u1w) 1670 | -10/Subcaves | Discovered new exit (range 14) 1740 | -10/Subcaves | Entered Recycling 2402 | -7/Recycling | Scanned before Scraplab entrance 2416 | -7/Recycling | Angered Scraplab inhabitants 2447 | -7/Recycling | Core integrity fell below 20% 2524 | -7/Recycling | Found Prototype Device 2524 | -7/Recycling | Identified Scrap Engine 2882 | -7/Recycling | Build established: Construct 3578 | -7/Recycling | Discovered new exit (range 15) 3632 | -7/Recycling | Entered Factory 3632 | -5/Factory | Evolved 10 slots: Power x1, Propulsion x3, Utility x3, Weapon x3 3932 | -5/Factory | Search patrols dispatched 4894 | -5/Factory | Repaired Lrg. Storage Unit 5398 | -5/Factory | Lost 3 parts (1p1n1w) 5491 | -5/Factory | Garrison activated, responded to threat 5523 | -5/Factory | Discovered new exit (range 14) 5545 | -5/Factory | Entered another Factory area 5545 | -4/Factory | Evolved 2 slots: Utility x2 5707 | -4/Factory | Discovered new exit (range 9) 5716 | -4/Factory | Entered Research 5716 | -3/Research | Evolved 2 slots: Propulsion x1, Utility x1 6087 | -3/Research | Lost 4 parts (2u2w) 6319 | -3/Research | Lost 3 parts (1u2w) 6444 | -3/Research | Destroyed 7 combat bots 6466 | -3/Research | First assault squad dispatched 6477 | -3/Research | Lost 6 parts (1p2u3w) 6489 | -3/Research | Discovered new exit (range 9) 6504 | -3/Research | Entered another Research area 6504 | -2/Research | Evolved 2 slots: Power x1, Utility x1 6735 | -2/Research | Fabricated X-87 Electro? 6918 | -2/Research | Lost 5 parts (1n3u1w) 7079 | -2/Research | Spotted B-90 Cyclops 7102 | -2/Research | Core integrity fell below 50% 7102 | -2/Research | Released all parts (2) 7109 | -2/Research | Core integrity fell below 20% 7129 | -2/Research | Lost 8 parts (2p3n2u1w) 7138 | -2/Research | System corruption reached 10% 7159 | -2/Research | Destroyed by P-80 Master with Gamma Rifle Last Messages --------------- 07102_ Slug penetrates Quantum Separator. 07104_ U-05 Engineer works on Quantum Separator. 07105_ Slug penetrates Wall. 07105_ Penetrated by Slug. 07105_ T-07 Excavator destroyed. 07105_ Slug penetrates Door. 07106_ P-80 Master resets P-80 Master, system corruption cleaned. 07106_ R-10 Processor collects Grenade Launcher. 07108_ Penetrated by Slug. 07108_ Slug penetrates Wall. 07114_ U-05 Engineer builds a Door. 07121_ System corrupted: Heat flow error (+199). 07121_ Penetrated by Slug. 07121_ Slug penetrates Wall. 07136_ O-32 Director: "IFF HANDSHAKE FAILED. SECURING TERMINAL." 07141_ W-44 Eye sends out distress signal. 07148_ Acquired Adv. Phase Shifter. 07153_ ALERT: Hostiles spotted, dispatching reinforcements to Terminal R017. 07157_ Engineering Station disabled. Map ----- +----------------------------------------------------+ | ???????????# #???????????????? | | ???????????# ???????????????? | | ???????????# ???????????????? | | ???????????# #???????????????? | | #######????# #???????????????? | | #????# #???????????????? | | ! #????# #???????????????? | | #????# #???????????????? | | ] #????# #???????????????? | | #????# #???????????????? | | = #????# +???????????????? | | ?????# #???????????????? | | ???????# #???????????????? | | #+########## ###########?????? | | #?????? | | #?????? | | #?????? | | #?????? | | ###############+######+#####????? | | ?????????????????# #????? | | ?????????????????# pp #????? | | ?????????????????# """"p #????? | | ?????????????????# """" #????? | | ?????????????????+ """" #????? | | ?????????????????# """" #????? | | ?????????????????# p @ #????? | | ?????????????????# #????? | | ?????????????????###########????? | | ????????????????????????????????? | | ????????????????????????????????? | | ????????????????????????????????? | | ????????????????????????????????? | | ????????????????????????????????? | | ????????????????????????????????? | | ????????????????????????????????? | | ????????????????????????????????? | | ????????????????????????????????? | | ????????????????????????????????? | | ????????????????????????????????? | | ????????????????????????????????? | | ????????????????????????????????? | | ????????????????????????????????? | | ????????????????????????????????? | | ????????????????????????????????? | | ????????????????????????????????? | | ????????????????????????????????? | | ????????????????????????????????? | | ????????????????????????????????? | | ????????????????????????????????? | | ????????????????????????????????? | +----------------------------------------------------+ Best States ------------- Heat Dissipation 106 Energy Generation 37 Energy Capacity 390 Matter Stores 300 Matter Capacity 300 Sight Range 18 Terrain Scan Density 10 Corruption Block 20 Armor Coverage 225 Resistance: KI 25 Resistance: TH 20 Phase Shifting 15 Evasion (%) 68 Target Analysis 6 Recoil Reduction 2 Salvage Targeting 4 Item Schematics ----------------- Hvy. Gauss Cannon | -5/Factory | Hacked Robot Schematics ------------------ None Fabricated ------------ X-87 Electro | x2 | -2/Research | Preloaded Alien Tech Used ----------------- None Achievements -------------- None Challenges ------------ None Game ------ Seed CoreHardcellMultitool Manual? 0 Play Time 01:29:53 Cumulative 152.0 hours Start 2025.03.27 @ 17:45:49 End 2025.03.30 @ 16:31:26 Sessions 5 Manual Loads 0 Difficulty Rogue Special Mode None Game No. 123 Rogue 123 Adventurer 0 Explorer 0 Win Type - Total 5 Types 5/0/0/0/0/0/0/0/0 Lore% 55 Gallery% 61 Achievement% 53 Wizard Run 0 Options --------- Layout 0 ASCII 0 Keyboard 1 Movement Numpad Keybinds 0 Fullscreen 2 Font 36/Smallcaps Map View 76x50 Zoom Use 0% Tactical HUD 1 Map Filters NONE Filters NONE Steam 1 RUN: 243ae0b9-7685-4d7e-9719-11c81f800839